cohdb
Replays
Latest Replays
All Replays
Popular Replays
Top Player Replays
Match Explorer
How It Works
Community
CoH3 Stats
Reddit
Sign in to upload your games and track your stats! →
Sign in with Steam
Match 35394990
Unlisted
Match 35394990
Overview
Messages
Build Orders
End
Royal Engineer Section
Construct Section Command Post
Dingo Light Scout Car
Infantry Section
Infantry Section
Construct Field Infirmary
Construct Platoon Command Post
Selects Indian Artillery Battlegroup
Selects Valour
Infantry Section
Selects Gurkha Rifles Section
Humber Armored Car
6-pounder Anti-tank Gun Team
6-pounder Anti-tank Gun Team
Grenade Package
Unlock Bishop Self-propelled Artillery
Selects Artillery Saturation
Bishop Self-propelled Artillery
Selects Off-map Airburst Barrage
Friend Simulator
Shimmy Slide
Howdenn
TripleSSS
0
0
Comments
sign in to comment!
No comments posted yet!